 Dungeon Crawl Stone Soup version 0.22.1-1-ga44c0e56f4 (webtiles) character file.

7772 Peloso the Blocker (level 11, -8/95 HPs)
             Began as a Minotaur Fighter on Nov 4, 2018.
             Was an Elder of Okawaru.
             Killed from afar by Josephine (24 damage)
             ... with a ghostly fireball
             ... on level 10 of the Dungeon.
             The game lasted 00:22:51 (9453 turns).

Peloso the Blocker (Minotaur Fighter)               Turns: 9453, Time: 00:22:51

Health: -8/95      AC: 15    Str: 23    XL:     11   Next: 1%
Magic:  10/10      EV: 12    Int:  5    God:    Okawaru [****..]
Gold:   184        SH: 12    Dex: 11    Spells: 10/10 levels left

rFire    . . .     SeeInvis .   a - +2 scimitar (flame)
rCold    . . .     Gourm    .   c - +0 shield
rNeg     . . .     Faith    +   B - +3 chain mail
rPois    .         Spirit   .   (helmet restricted)
rElec    .         Reflect  .   v - scarf {cloud immunity}
rCorr    .         Harm     .   (no gloves)
MR       .....                  (no boots)
Stlth    ..........             D - amulet of faith
HPRegen  0.25/turn              r - +2 ring of protection
MPRegen  0.12/turn              k - +5 ring of evasion

@: heavily drained
A: retaliatory headbutt, horns 2
a: Heroism, Renounce Religion


You were on level 10 of the Dungeon.
You worshipped Okawaru.
Okawaru was greatly pleased with you.
You were not hungry.

You visited 1 branch of the dungeon, and saw 11 of its levels.
You also visited: Bailey.

You collected 415 gold pieces.
You spent 231 gold pieces at shops.

Inventory:

Hand Weapons
 a - a +2 scimitar of flaming (weapon)
 b - the +11 whip "Coerusum" {slash, *Drain rN++ Dex+2}
   (You found it on level 4 of the Dungeon)

   It inflicts extra damage upon your enemies.
   It affects your dexterity (+2).
   It greatly protects you from negative energy.
   It causes draining when unequipped.
 M - a +2 whip of flaming
Missiles
 N - 31 tomahawks of returning (quivered)
Armour
 c - a +0 shield (worn)
 v - a scarf of cloud immunity (worn)
 B - a +3 chain mail (worn)
Jewellery
 k - a +5 ring of evasion (right hand)
 r - a +2 ring of protection (left hand)
 s - an uncursed amulet of magic regeneration
 y - an uncursed ring of protection from cold
 D - an amulet of faith (around neck)
 L - an uncursed ring of flight
 O - an uncursed ring of fire
Wands
 e - a wand of clouds (6)
 i - a wand of paralysis (15)
 E - a wand of iceblast (17)
 F - a wand of disintegration (12)
 G - a wand of enslavement (25)
 I - a wand of flame (38)
 K - a wand of polymorph (18)
 Q - a wand of random effects (19)
Scrolls
 g - 3 scrolls of identify
 h - 14 scrolls of remove curse
 n - 2 scrolls of magic mapping {unknown}
 p - a scroll of fog {unknown}
 q - 2 scrolls of amnesia {unknown}
 w - a scroll of enchant weapon {unknown}
 C - 2 scrolls of teleportation {unknown}
 H - 2 scrolls of vulnerability {unknown}
Potions
 d - 3 potions of might
 j - 6 potions of curing
 l - 3 potions of cancellation
 m - 2 potions of haste
 o - a potion of invisibility
 t - 2 potions of magic
 u - 2 potions of mutation {unknown}
 x - 2 potions of degeneration
 z - 2 potions of brilliance
 A - a potion of flight {unknown}
 J - 2 potions of heal wounds
Miscellaneous
 P - a lamp of fire
Comestibles
 f - 18 rations


   Skills:
 + Level 8.9(7.5) Fighting
 + Level 9.5(8.1) Long Blades
 + Level 8.9(7.6) Maces & Flails
 + Level 9.3(7.9) Armour
 + Level 1.7(0.6) Dodging
 + Level 0.5(0.0) Stealth
 + Level 10.6(9.2) Shields
 + Level 0.2(0.0) Invocations
 + Level 1.2(0.1) Evocations


You had 10 spell levels left.
You didn't know any spells.
Your spell library contained the following spells:

 Spells                   Type           Power        Failure   Level  Hunger
 Beastly Appendage        Tmut           #.....       100%        1    ##.....
 Corona                   Hex            #......      100%        1    ##.....
 Slow                     Hex            #.......     100%        2    ###....
 Sticks to Snakes         Tmut           #.......     100%        2    ###....
 Inner Flame              Hex/Fire       #.......     100%        3    ####...
 Portal Projectile        Hex/Tloc       #.....       100%        3    ####...
 Spider Form              Tmut/Pois      #.........   100%        3    ####...
 Cause Fear               Hex            #.........   100%        4    #####..
 Ice Form                 Ice/Tmut       #.......     100%        4    #####..
 Leda's Liquefaction      Hex/Erth       #.........   100%        4    #####..
 Blade Hands              Tmut           #.........   100%        5    ######.


Dungeon Overview and Level Annotations

Branches:
Dungeon (11/15)            Temple (0/1) D:4
   Lair: D:8-11         Orc: D:9-12

Altars:
Ashenzari
Cheibriados
Vehumet
Xom

Shops:
D:5 :!}}:   D:9 [

Annotations:
D:10 1 runed door, Josephine; topfpfpflanze's ghost, novice DDFi


Innate Abilities, Weirdness & Mutations

You reflexively headbutt those who attack you in melee.
You have a pair of horns on your head.


Message History

Josephine is severely wounded.
Josephine is infused with unholy energy.
* * * LOW HITPOINT WARNING * * *
Josephine draws life force from you and is healed!
Your chain mail prevents you from hitting Josephine.
You headbutt Josephine.
Josephine is heavily wounded.
Josephine hits you with a dagger.
* * * LOW HITPOINT WARNING * * *
Josephine screams, "Die!"
You block Josephine's attack.
You slash Josephine! You burn Josephine. Your headbutt misses Josephine.
Josephine is severely wounded.
Josephine hits you but does no damage.
Unknown command.
You hit Josephine.
Josephine is almost dead.
Josephine gestures at you while chanting.
The ghostly flame explodes!
The ghostly fireball engulfs you!
You feel drained.
You die...

#.....#.#'########
#.#.###.#.####
#.#.....#....#
#.#######....#####
#>................
#o................
#K########...#####
##########
#@#........รท.# #.
#........#
#@#......###.## #.
#........#
#.#......#(##.# #.
#........#
#.#####..+W.#.# #.
#........# #.#
##.#$##.# #.
#........####'##
#.###..# ##
#..............#
#......#
#..............#
#......#
########.......#
#......# #.......#
#......#


You could see Josephine, an orc warrior and a kobold.

Vanquished Creatures
  Erica (D:8)
  A two-headed ogre (D:9)
  Pikel (D:8)
  Maurice (D:8)
  A centaur skeleton (D:9)
  Prince Ribbit (D:7)
  3 hippogriffs
  A wraith (D:10)
  A wyvern (D:10)
  3 yaks (D:9)
  Duvessa (D:7)
  3 orc warriors (Bailey)
  2 phantoms
  A sky beast (D:7)
  5 ice beasts
  3 ogres
  2 centaurs
  A big kobold (D:11)
  4 bullfrogs
  A wyvern skeleton (D:6)
  Dowan (D:7)
  A water moccasin zombie (D:9)
  2 scorpions
  10 killer bees
  5 howler monkeys
  7 crimson imps
  Crazy Yiuf (D:2)
  2 centaur zombies
  4 hounds
  4 jellies
  A quasit (D:7)
  A bullfrog skeleton (D:7)
  Jessica (D:2)
  2 iguanas
  5 orc wizards
  5 worker ants
  2 killer bee zombies
  A hound skeleton (D:4)
  A gnoll (Bailey)
  9 adders
  A shadow imp (D:10)
  3 oozes
  2 worms
  3 adder skeletons
  A dart slug (D:2)
  4 leopard geckos
  24 orcs
  3 ball pythons
  6 bats
  4 giant cockroaches
  4 goblins
  7 hobgoblins
  13 jackals
  8 quokkas
  A ball python skeleton (D:4)
  4 frilled lizards
  A jackal skeleton (D:7)
  20 kobolds
  2 rats (D:1)
213 creatures vanquished.

Vanquished Creatures (others)
  2 slaves (D:8)
  A hound (D:8)
  An orc priest (D:8)
  An adder (D:8)
  2 orcs (D:8)
  A giant cockroach (D:8)
8 creatures vanquished.

Grand Total: 221 creatures vanquished

Notes
Turn   | Place    | Note
-------+----------+-------------------------------------------
     0 | D:1      | Peloso the Minotaur Fighter began the quest for the Orb.
     0 | D:1      | Reached XP level 1. HP: 19/19 MP: 0/0
   140 | D:1      | Reached skill level 4 in Shields
   140 | D:1      | Reached XP level 2. HP: 27/27 MP: 1/1
   590 | D:2      | Reached XP level 3. HP: 33/33 MP: 2/2
  1051 | D:2      | Noticed Jessica
  1054 | D:2      | Killed Jessica
  1054 | D:2      | Reached XP level 4. HP: 40/40 MP: 3/3
  1124 | D:2      | Found a runed door.
  1238 | D:2      | Noticed Crazy Yiuf
  1248 | D:2      | Killed Crazy Yiuf
  1339 | D:3      | Reached XP level 5. HP: 32/47 MP: 4/4
  1496 | D:3      | Reached skill level 5 in Shields
  2222 | D:4      | Reached XP level 6. HP: 22/53 MP: 5/5
  2446 | D:4      | Found a staircase to the Ecumenical Temple.
  2566 | D:4      | Got an encrusted whip
  2567 | D:4      | Identified the +11 whip "Coerusum" {slash, *Drain rN++
                  | Dex+2} (You found it on level 4 of the Dungeon)
  2592 | D:4      | Reached skill level 5 in Fighting
  2592 | D:4      | Reached skill level 5 in Long Blades
  3338 | D:4      | Reached XP level 7. HP: 61/61 MP: 6/6
  3670 | D:5      | Entered Level 5 of the Dungeon
  3676 | D:5      | Found Lumpakeu's Book Shop.
  3684 | D:5      | Found Woriomij's Distillery.
  3692 | D:5      | Bought a potion of degeneration for 11 gold pieces
  3692 | D:5      | Bought a potion of heal wounds for 55 gold pieces
  3692 | D:5      | Bought a potion of curing for 33 gold pieces
  3717 | D:5      | Found Oloam's Gadget Boutique.
  3861 | D:5      | Found Naroomn's Gadget Boutique.
  3897 | D:5      | Got an ancient scale mail
  3908 | D:5      | Identified the +1 scale mail of Impressiveness {rC+} (You
                  | found it on level 5 of the Dungeon)
  4163 | D:5      | Reached skill level 5 in Armour
  4202 | D:5      | Found Jeoll's Book Shoppe.
  4480 | D:6      | Reached skill level 1 in Maces & Flails
  4630 | D:6      | Found a shattered altar of Ashenzari.
  4702 | D:6      | Reached skill level 6 in Shields
  4961 | D:6      | Reached XP level 8. HP: 69/69 MP: 7/7
  5131 | D:7      | Noticed a hippogriff
  5137 | D:7      | Killed a hippogriff
  5279 | D:7      | Reached skill level 5 in Maces & Flails
  5618 | D:7      | Reached skill level 7 in Shields
  5723 | D:7      | Noticed Prince Ribbit
  5751 | D:7      | Killed Prince Ribbit
  5766 | D:7      | Noticed Dowan
  5767 | D:7      | Noticed Duvessa
  5775 | D:7      | Killed Dowan
  5786 | D:7      | Killed Duvessa
  5786 | D:7      | Reached XP level 9. HP: 36/78 MP: 8/8
  5790 | D:7      | Reached skill level 1 in Dodging
  5790 | D:7      | Reached skill level 8 in Shields
  5838 | D:7      | Found a radiant altar of Vehumet.
  6230 | D:8      | Found a flagged portal.
  6252 | Bailey   | Entered a bailey
  6323 | Bailey   | Found an iron altar of Okawaru.
  6336 | Bailey   | Reached skill level 9 in Shields
  6349 | Bailey   | Became a worshipper of Warmaster Okawaru
  6662 | D:8      | Noticed Maurice
  6679 | D:8      | Killed Maurice
  6752 | D:8      | Noticed Pikel
  6760 | D:8      | Killed Pikel
  6760 | D:8      | Reached * piety under Okawaru
  6760 | D:8      | Reached XP level 10. HP: 87/88 MP: 9/9
  6774 | D:8      | Noticed Erica
  6790 | D:8      | Killed Erica
  6790 | D:8      | Reached skill level 10 in Shields
  6790 | D:8      | Reached skill level 1 in Evocations
  7108 | D:8      | Reached ** piety under Okawaru
  7821 | D:5      | Bought a potion of brilliance for 44 gold pieces
  7821 | D:5      | Bought a potion of magic for 88 gold pieces
  8158 | D:9      | Noticed a two-headed ogre
  8164 | D:9      | Killed a two-headed ogre
  8164 | D:9      | Reached *** piety under Okawaru
  8445 | D:9      | Found Noaxt's Armour Shoppe.
  8893 | D:10     | Entered Level 10 of the Dungeon
  8989 | D:10     | Found a snail-covered altar of Cheibriados.
  9285 | D:10     | Found a runed door.
  9285 | D:10     | Found a shimmering altar of Xom.
  9285 | D:10     | Noticed topfpfpflanze's ghost (novice DDFi)
  9285 | D:10     | Noticed a quarterstaff of chaos
  9404 | D:10     | Reached **** piety under Okawaru
  9425 | D:10     | Reached XP level 11. HP: 80/95 MP: 10/10
  9434 | D:11     | Noticed Josephine
  9453 | D:10     | Killed from afar by Josephine

Skill      XL: |  1  2  3  4  5  6  7  8  9 10 |
---------------+-------------------------------+-----
Shields        | 4 5 6 7 9 10 | 10.6
Armour         | 4 6 7 8 9 |  9.3
Fighting       | 4 5 6 7 8 |  8.9
Long Blades    | 3 4 6 9 |  9.5
Maces & Flails | 3 5 8 |  8.9
Dodging        | 1 |  1.7
Evocations     | 1 |  1.2
Stealth        | |  0.5
Invocations    | |  0.2

Action                   |  1- 3 |  4- 6 |  7- 9 | 10-12 || total
-------------------------+-------+-------+-------+-------++-------
Melee: Long sword        |    85 |   100 |       |       ||   185
       Headbutt          |    16 |    25 |    36 |    39 ||   116
       Whip              |       |    30 |   213 |    16 ||   259
       Scimitar          |       |       |       |   140 ||   140
Invok: Heroism           |       |       |       |     2 ||     2
 Abil: Evoke Flight      |       |       |     3 |       ||     3
  Use: Scroll            |       |       |     6 |       ||     6
       Potion            |       |       |     4 |       ||     4
  Eat: Chunk             |       |     7 |     9 |     2 ||    18
       Ration            |       |       |     1 |     2 ||     3
Armor: Scale mail        |     4 |       |       |       ||     4
       Plate armour      |    45 |    81 |   152 |    38 ||   316
       Chain mail        |       |       |       |    19 ||    19
Dodge: Dodged            |    13 |    16 |    53 |    69 ||   151
Block: Shield            |    61 |    74 |   154 |    96 ||   385
       Rpst.: Long sword |     7 |     6 |       |       ||    13
       Scimitar          |       |       |       |    23 ||    23
